 Dungeon Crawl Stone Soup version 0.30.0-29-ga12c61a403 (webtiles) character file.

Game seed: 8841986032192247444

204 qw the Chopper (level 5, -2/33 HPs)
             Began as a Gargoyle Fighter on June 3, 2023.
             Slain by a sleepcap (3 damage)
             ... on level 4 of the Dungeon.
             The game lasted 00:01:43 (3171 turns).

qw the Chopper (Gargoyle Fighter)                   Turns: 3171, Time: 00:01:43

Health: -2/33      AC: 14    Str: 22    XL:     5   Next: 82%
Magic:  5/5        EV:  8    Int:  8    God:
Gold:   184        SH:  9    Dex:  9    Spells: 4/4 levels left

rFire   . . .        Y - +0 war axe
rCold   . . .        c - +0 buckler
rNeg    + . .        a - +0 chain mail
rPois   inf          (no helmet)
rElec   +            (no cloak)
rCorr   .            f - +0 pair of gloves
SInv    .            (no boots)
Will    .....        k - amulet of reflection Stlth
                     (no ring)
HPRegen 0.25/turn    (no ring)
MPRegen 0.09/turn

%: reflection
@: about to teleport
A: sickness immunity, AC +4, negative energy resistance 1, electricity
resistance, torment resistance 1, petrification resistance
a: no special abilities


You were on level 4 of the Dungeon.
You visited 1 branch of the dungeon, and saw 4 of its levels.

You collected 184 gold pieces.


Innate Abilities, Weirdness & Mutations

You are immune to sickness and miasma.
Your stone body is resilient. (AC +4)
You are immune to poison.
You resist negative energy. (rN+)
You are resistant to electric shocks. (rElec)
You are resistant to unholy torment.
You are immune to petrification.


   Skills:
 - Level 4.0 Fighting
 + Level 5.0 Axes
 - Level 3.2 Armour
 - Level 3.2 Shields


You had 4 spell levels left.
You didn't know any spells.
Your spell library was empty.

Inventory:

Hand Weapons
 n - a +2 morningstar of venom
 Y - a +0 war axe (weapon)
Missiles
 m - 3 boomerangs (quivered)
Armour
 a - a +0 chain mail (worn)
 b - a +0 pair of boots
 c - a +0 buckler (worn)
 f - a +0 pair of gloves (worn)
Jewellery
 k - an amulet of reflection (around neck)
Scrolls
 g - 2 scrolls of teleportation
 i - 2 scrolls of identify
Potions
 d - 2 potions of might
 h - a potion of invisibility {unknown}
 j - a potion of berserk rage {unknown}

Dungeon Overview and Level Annotations

Branches:
Dungeon (4/15)
 Temple: D:4-7

Altars:
Ru


Message History

You hit the orc priest but do no damage.
The orc priest hits you with a +4 whip. You block the orc priest's attack.
The endoplasm barely misses you. The sleepcap releases spores at you.
You hit the orc priest.
The orc priest is severely wounded.
You hit the endoplasm. You hit the sleepcap. You closely miss the orc priest.
The orc priest calls down the wrath of Beogh upon you.
You barely resist.
The orc priest hits you but does no damage.
The endoplasm freezes you.
You are frozen.
You block the sleepcap's attack.
You hit the orc priest but do no damage.
The orc priest is severely wounded.
You hit the endoplasm but do no damage. You hit the sleepcap.
You slash the orc priest! The sleepcap barely misses you.
The orc priest hits you but does no damage.
The orc priest calls down the wrath of Beogh upon you.
Pain shoots through your body! The endoplasm freezes you.
You are frozen.
The orc priest barely misses you.
The sleepcap releases spores at you but does no damage.
The orc priest mumbles some strange prayers to Beogh against you.
Beogh smites you!
The endoplasm jiggles.
The endoplasm freezes you.
You are frozen.
3170 ||| READING 3 scrolls of teleportation.
As you read the scroll of teleportation, it crumbles to dust.
You feel strangely unstable. You block the orc priest's attack.
The orc priest barely misses you. You block the sleepcap's attack.
The endoplasm barely misses you.
You hit the orc priest.
The orc priest is almost dead.
You hit the orc priest but do no damage.
You hit the sleepcap. You barely miss the endoplasm.
The orc priest completely misses you. You block the orc priest's attack.
The endoplasm hits you but does no damage.
The sleepcap releases spores at you.
You die...

.# ## #####.#
.###########.....####
............>.......##
......................
..#########.......###
### ####..### .
###).##...# #o@.....#
#.foJ..### #....####
#...## ....# .....
...... .....#


You could see a sleepcap, 2 orc priests and an endoplasm.

Vanquished Creatures
  8 adders
  2 worms
  4 dart slugs
  10 orcs
  8 ball pythons
  6 endoplasms
  8 giant cockroaches
  8 goblins
  6 hobgoblins
  13 jackals
  6 kobolds
  A quokka (D:1)
  6 bats
  4 frilled lizards
  8 rats
98 creatures vanquished.

Notes
Turn   | Place    | Note
-------+----------+-------------------------------------------
     0 | D:1      | qw the Gargoyle Fighter began the quest for the Orb.
     0 | D:1      | Reached XP level 1. HP: 14/14 MP: 1/1
     0 | D:1      | 0 ||| qw: Version: 0.2-a-103-g5a998e5
     0 | D:1      | 0 ||| qw: Game counter: 975
     0 | D:1      | 0 ||| qw: Always use a shield: true
     0 | D:1      | 0 ||| qw: God list: Okawaru
     0 | D:1      | 0 ||| qw: Allow faded altars: false
     0 | D:1      | 0 ||| qw: Do Orc after D:15 true
     0 | D:1      | 0 ||| qw: Do second Lair branch before Depths: true
     0 | D:1      | 0 ||| qw: Lair rune preference: random
     0 | D:1      | 0 ||| qw: Plans: Normal, Zot:1-4, Slime:5, God:TSO, Crypt,
                  | Tomb, Pan, Hells, Abyss, Win
     0 | D:1      | 0 ||| PLANNING D:1-11
    14 | D:1      | 14 ||| Stepping ~*~*~tactically~*~*~ (hiding).
    21 | D:1      | Reached skill level 2 in Axes
   164 | D:1      | 164 ||| Stepping ~*~*~tactically~*~*~ (stealth).
   179 | D:1      | 179 ||| Stepping ~*~*~tactically~*~*~ (stealth).
   181 | D:1      | 181 ||| Stepping ~*~*~tactically~*~*~ (stealth).
   184 | D:1      | Reached XP level 2. HP: 19/19 MP: 2/2
   463 | D:1      | Reached skill level 3 in Axes
   480 | D:1      | Reached XP level 3. HP: 23/23 MP: 3/3
   491 | D:1      | 491 ||| Stepping ~*~*~tactically~*~*~ (stealth).
   492 | D:1      | 492 ||| Stepping ~*~*~tactically~*~*~ (stealth).
   535 | D:1      | 535 ||| Stepping ~*~*~tactically~*~*~ (stealth).
   538 | D:1      | 538 ||| Stepping ~*~*~tactically~*~*~ (stealth).
   591 | D:1      | Found a faded altar of an unknown god.
  1193 | D:1      | 1193 ||| DROPPING ring of flight.
  1194 | D:1      | 1194 ||| READING scroll labelled CIOX EWNIPH.
  1195 | D:1      | 1195 ||| READING scroll labelled TIUPTU QIMAF.
  1196 | D:1      | 1196 ||| READING scroll labelled LIEFAE BOIHISS.
  1197 | D:1      | 1197 ||| READING scroll labelled CETUJU HECKIG.
  1198 | D:1      | 1198 ||| READING scroll labelled JULYH ENWOMIVI.
  1199 | D:1      | 1199 ||| READING scroll labelled IPUGEG EMITEA.
  1202 | D:1      | 1202 ||| READING scroll labelled SANITH TOSALO.
  1203 | D:1      | 1203 ||| DRINKING 2 metallic puce potions.
  1204 | D:1      | 1204 ||| DROPPING potion of magic.
  1292 | D:2      | 1292 ||| Stepping ~*~*~tactically~*~*~ (hiding).
  1429 | D:2      | Reached XP level 4. HP: 28/28 MP: 4/4
  1459 | D:2      | Reached skill level 4 in Axes
  2021 | D:2      | 2021 ||| UPGRADING to +0 chain mail.
  2031 | D:2      | 2031 ||| DROPPING +0 scale mail.
  2032 | D:2      | 2032 ||| UPGRADING to +0 pair of gloves.
  2037 | D:2      | 2037 ||| READING scroll labelled SOTHUSTR NOALIH.
  2158 | D:3      | 2158 ||| Stepping ~*~*~tactically~*~*~ (hiding).
  2168 | D:3      | Reached XP level 5. HP: 32/32 MP: 5/5
  2288 | D:3      | Found a sacrificial altar of Ru.
  2410 | D:3      | 2410 ||| Stepping ~*~*~tactically~*~*~ (stealth).
  2615 | D:3      | 2615 ||| Stepping ~*~*~tactically~*~*~ (stealth).
  2626 | D:3      | Reached skill level 5 in Axes
  2629 | D:3      | 2629 ||| Stepping ~*~*~tactically~*~*~ (stealth).
  2652 | D:3      | 2652 ||| Stepping ~*~*~tactically~*~*~ (hiding).
  2671 | D:3      | 2671 ||| DROPPING +0 whip.
  2891 | D:3      | 2891 ||| UPGRADING to amulet of reflection.
  2896 | D:3      | 2896 ||| READING scroll labelled CODDEMEXKU.
  2897 | D:3      | 2897 ||| READING scroll labelled YPOLOLIONUN.
  2949 | D:4      | 2949 ||| Stepping ~*~*~tactically~*~*~ (hiding).
  2950 | D:4      | 2950 ||| Stepping ~*~*~tactically~*~*~ (hiding).
  3152 | D:4      | 3152 ||| Stepping ~*~*~tactically~*~*~ (hiding).
  3169 | D:4      | HP: 3/33 [orc priest/divine providence (15)]
  3169 | D:4      | HP: 1/33 [frozen (2)]
  3170 | D:4      | 3170 ||| READING 3 scrolls of teleportation.
  3171 | D:4      | Slain by a sleepcap

Levels and vault maps discovered:
D:1:      elethiomel_arrival_quiet, layout_loops_corners,
          dreamdust_ecumenical_altar_sealed_demon, st_stairs_10
D:2:      layout_basic
D:3:      layout_loops_ring, general_overflow_altar
D:4:      layout_layer_cave, mainiacjoe_overflow_surrounded_room,
          grunt_decor_arrowhead

Skill      XL: |  1  2  3  4  5 |
---------------+----------------+-----
Axes           | 2 3 4 5 |  5.0
Fighting       | 4 |  4.0
Armour         | |  3.2
Shields        | |  3.2

Action                     |  1- 3 |  4- 6 || total
---------------------------+-------+-------++-------
  Melee: War axe           |   108 |   156 ||   264
  Throw: Boomerang         |       |    12 ||    12
    Use: Scroll            |     7 |     4 ||    11
         Potion            |     1 |       ||     1
 Armour: Scale mail        |    54 |    32 ||    86
         Chain mail        |       |    39 ||    39
  Dodge: Dodged            |    40 |    59 ||    99
  Block: Buckler           |    12 |    39 ||    51

Table legend:
 A = Non-vault XP
 B = Vault XP
 C = Vault XP percentage of total XP
 D = Non-vault monster count
 E = Vault monster count
 F = Vault count percentage of total count
                 A         B        C        D         E       F
            +---------+---------+-------+---------+---------+-------
      Total |     289 |       3 |   1.0 |      96 |       2 |   2.0
            +---------+---------+-------+---------+---------+-------
        D:1 |      66 |       3 |   4.3 |      35 |       2 |   5.4
        D:2 |      91 |       0 |   0.0 |      24 |       0 |   0.0
        D:3 |      79 |       0 |   0.0 |      25 |       0 |   0.0
        D:4 |      53 |       0 |   0.0 |      12 |       0 |   0.0
            +---------+---------+-------+---------+---------+-------
